 Dungeon Crawl Stone Soup version 0.30-a0-169-g06f667207d (webtiles) character file.

Game seed: 8588616107417749347

91 qw the Chopper (level 4, -2/28 HPs)
             Began as a Gargoyle Fighter on Sept 29, 2022.
             Killed by divine providence
             ... invoked by an orc priest
              (12 damage)
             ... on level 3 of the Dungeon.
             The game lasted 00:00:57 (2521 turns).

qw the Chopper (Gargoyle Fighter)                   Turns: 2521, Time: 00:00:58

Health: -2/28      AC: 13    Str: 21    XL:     4   Next: 57%
Magic:  4/4        EV:  7    Int:  9    God:
Gold:   101        SH:  4    Dex:  9    Spells: 3/3 levels left

rFire   . . .      SeeInvis .    Y - +4 war axe
rCold   . . .      Faith    .    c - +0 buckler
rNeg    + . .      Spirit   .    h - +0 chain mail
rPois   inf        Reflect  .    g - +0 helmet
rElec   +          Harm     .    (no cloak)
rCorr   .          Rampage  .    (no gloves)
Will    .....                    (no boots)
Stlth   ..........               (no amulet)
HPRegen 0.09/turn                (no ring)
MPRegen 0.09/turn                (no ring)

@: no status effects
A: sickness immunity, AC +3, negative energy resistance 1, electricity
resistance, torment resistance 1, petrification resistance
a: no special abilities


You were on level 3 of the Dungeon.
You visited 1 branch of the dungeon, and saw 3 of its levels.

You collected 101 gold pieces.


Innate Abilities, Weirdness & Mutations

You are immune to sickness and miasma.
Your stone body is resilient. (AC +3)
You are immune to poison.
You resist negative energy. (rN+)
You are resistant to electric shocks. (rElec)
You are resistant to unholy torment.
You are immune to petrification.


   Skills:
 - Level 3.2 Fighting
 + Level 4.2 Axes
 - Level 3.2 Armour
 - Level 3.2 Shields


You had 3 spell levels left.
You didn't know any spells.
Your spell library was empty.

Inventory:

Hand Weapons
 b - a +0 flail
 Y - a +4 war axe (weapon)
Armour
 c - a +0 buckler (worn)
 g - a +0 helmet (worn)
 h - a +0 chain mail (worn)
Jewellery
 j - an amulet of the acrobat
Scrolls
 f - a scroll of identify
Potions
 a - 3 potions of mutation
 d - a potion of might
 e - a potion of degeneration {unknown}
 i - 2 potions of lignification
 k - a potion of flight {unknown}

Dungeon Overview and Level Annotations

Branches:
Dungeon (3/15)

Altars:

Annotations:
D:2 1 runed translucent door, Crazy Yiuf


Message History

Enter note:
2506 ||| Stepping ~*~*~tactically~*~*~ (stealth).
The orc priest shouts!
The orc shouts!
An orc wizard comes into view. It is wielding a +0 dagger.
2508 ||| Stepping ~*~*~tactically~*~*~ (hiding).
The orc priest invokes the aid of Beogh against you.
Beogh smites you!
Ouch! That really hurt!
You barely miss the orc priest.
The orc priest hits you with a +0 dagger.
2511 ||| Stepping ~*~*~tactically~*~*~ (hiding).
You start resting.
An orc is nearby!
You closely miss the orc. The orc hits you with a +0 club.
You slash the orc!
You kill the orc!
You start resting.
An orc priest is nearby!
You barely miss the orc priest. You completely miss the orc priest.
The orc wizard points at you and mumbles some strange words.
The puff of flame misses you.
The orc priest hits you but does no damage.
The orc priest closely misses you.
You barely miss the orc priest.
The orc priest hits you but does no damage.
You barely miss the orc wizard. You closely miss the orc priest.
The orc wizard points at you and mumbles some strange words.
You resist with some effort. The orc priest barely misses you.
You hit the orc wizard.
The orc wizard is moderately wounded.
You slash the orc priest!
The orc wizard gestures at you while chanting.
You resist with some effort.
The orc priest hits you but does no damage. x2
The orc wizard hits you with a +0 dagger.
The orc priest invokes the aid of Beogh against you.
Beogh smites you!
You die...

# # .. #. ### o## ...
#.. ...# ...#.##.##o....
#.....o.oo# ##.#.##o##
### ..#
.......o@###..... ..#
##.####.......# ..#
#.#####.###### ..#
####...###.# ..#
#........#.#######
..#####.##.#.#.#.#.....#
.........#.#.#.#.#.....#
...........#...#.......#
.........#.#...###.....#


You could see 2 orc priests and an orc wizard.

Vanquished Creatures
  Robin (D:2)
  An adder (D:2)
  A worm (D:2)
  A dart slug (D:1)
  An orc (D:3)
  5 ball pythons
  4 endoplasms
  3 giant cockroaches
  5 hobgoblins
  6 jackals (D:2)
  3 quokkas
  3 bats
  7 frilled lizards
  11 goblins
  4 kobolds
  7 rats
63 creatures vanquished.

Vanquished Creatures (others)
  13 plants (D:2)
13 creatures vanquished.

Grand Total: 76 creatures vanquished

Notes
Turn   | Place    | Note
-------+----------+-------------------------------------------
     0 | D:1      | qw the Gargoyle Fighter began the quest for the Orb.
     0 | D:1      | Reached XP level 1. HP: 14/14 MP: 1/1
     0 | D:1      | 0 ||| qw: Version: 0.2-a-12-gaebbb33
     0 | D:1      | 0 ||| qw: Game counter: 1305
     0 | D:1      | 0 ||| qw: Always use a shield: true
     0 | D:1      | 0 ||| qw: God list: Okawaru
     0 | D:1      | 0 ||| qw: Allow faded altars: false
     0 | D:1      | 0 ||| qw: Do Orc after D:15 true
     0 | D:1      | 0 ||| qw: Do second Lair branch before Depths: true
     0 | D:1      | 0 ||| qw: Lair rune preference: random
     0 | D:1      | 0 ||| qw: Plans: Normal, Zot:1-4, God:TSO, Crypt, Tomb,
                  | Pan, Slime:5, Hells, Abyss, Orb
     0 | D:1      | 0 ||| PLANNING D:1-11
    28 | D:1      | You fall into a shaft and drop 1 floor!
    30 | D:2      | Found a runed translucent door.
    31 | D:2      | Noticed Crazy Yiuf
    52 | D:2      | 52 ||| Stepping ~*~*~tactically~*~*~ (stealth).
    60 | D:2      | Reached skill level 2 in Axes
   207 | D:2      | 207 ||| READING scroll labelled QOQOXI FESSU.
   208 | D:2      | 208 ||| READING scroll labelled BOHOMI RANT.
   219 | D:2      | Reached XP level 2. HP: 13/19 MP: 2/2
   498 | D:1      | Reached skill level 3 in Axes
   511 | D:1      | Reached XP level 3. HP: 12/23 MP: 3/3
  1226 | D:1      | 1226 ||| Stepping ~*~*~tactically~*~*~ (stealth).
  1325 | D:1      | Found a faded altar of an unknown god.
  1332 | D:1      | 1332 ||| DROPPING +0 club.
  1469 | D:1      | 1469 ||| UPGRADING to +0 chain mail.
  1479 | D:1      | 1479 ||| DROPPING +0 scale mail.
  1480 | D:1      | 1480 ||| READING scroll labelled LEC IMMEINN.
  1481 | D:1      | 1481 ||| READING 4 scrolls labelled KUS EKIYNEGO.
  1482 | D:1      | 1482 ||| READING 3 scrolls of enchant weapon.
  1482 | D:1      | 1482 ||| ENCHANTING +1 war axe.
  1483 | D:1      | 1483 ||| READING 2 scrolls of enchant weapon.
  1483 | D:1      | 1483 ||| ENCHANTING +2 war axe.
  1484 | D:1      | 1484 ||| READING scroll of enchant weapon.
  1484 | D:1      | 1484 ||| ENCHANTING +3 war axe.
  1485 | D:1      | 1485 ||| READING scroll labelled DUFIYH RIUSITT.
  1537 | D:1      | 1537 ||| READING scroll labelled TOCEG ILEA.
  1624 | D:2      | 1624 ||| FLEEEEING.
  1625 | D:2      | 1625 ||| FLEEEEING.
  1626 | D:2      | 1626 ||| FLEEEEING.
  1639 | D:2      | 1639 ||| FLEEEEING.
  1640 | D:2      | 1640 ||| FLEEEEING.
  1641 | D:2      | 1641 ||| FLEEEEING.
  1642 | D:2      | 1642 ||| FLEEEEING.
  1643 | D:2      | 1643 ||| FLEEEEING.
  1644 | D:2      | 1644 ||| FLEEEEING.
  1645 | D:2      | 1645 ||| FLEEEEING.
  1646 | D:2      | 1646 ||| STAIRDANCE
  1701 | D:1      | 1701 ||| READING scroll labelled AXAMAPS TOFREX.
  1724 | D:2      | 1724 ||| DROPPING +0 whip.
  1858 | D:2      | Noticed Robin
  1860 | D:2      | Reached XP level 4. HP: 27/28 MP: 4/4
  1869 | D:2      | Killed Robin
  1870 | D:2      | Reached skill level 4 in Axes
  1875 | D:2      | 1875 ||| FLEEEEING.
  1876 | D:2      | 1876 ||| FLEEEEING.
  1877 | D:2      | 1877 ||| FLEEEEING.
  1878 | D:2      | 1878 ||| FLEEEEING.
  1887 | D:2      | 1887 ||| STAIRDANCE
  1915 | D:1      | 1915 ||| READING scroll labelled HYTTOP TUICA.
  1916 | D:1      | 1916 ||| READING 2 scrolls of identify.
  1916 | D:1      | 1916 ||| IDENTIFYING fuming brown potion
  2097 | D:2      | 2097 ||| UPGRADING to +0 helmet.
  2102 | D:2      | 2102 ||| READING scroll labelled REARIA SASTA.
  2103 | D:2      | 2103 ||| DRINKING 2 fizzy brown potions.
  2336 | D:3      | 2336 ||| Stepping ~*~*~tactically~*~*~ (stealth).
  2506 | D:3      | 2506 ||| Stepping ~*~*~tactically~*~*~ (stealth).
  2508 | D:3      | 2508 ||| Stepping ~*~*~tactically~*~*~ (hiding).
  2511 | D:3      | 2511 ||| Stepping ~*~*~tactically~*~*~ (hiding).
  2521 | D:3      | Killed from afar by an orc priest

Levels and vault maps discovered:
D:1:      onia_arrival_pyramid, layout_loops_corners,
          hellmonk_ecumenical_altar_run_dry
D:2:      layout_basic, serial_bayou_lagoon_a, bh_walls_and_bars, uniq_robin,
          uniq_crazy_yiuf_cottage
D:3:      layout_loops_cross

Skill      XL: |  1  2  3  4 |
---------------+-------------+-----
Axes           | 2 3 4 |  4.2
Fighting       | |  3.2
Armour         | |  3.2
Shields        | |  3.2

Action                   |  1- 3 |  4- 6 || total
-------------------------+-------+-------++-------
Melee: War axe           |   121 |    40 ||   161
  Use: Scroll            |    10 |     3 ||    13
       Potion            |       |     1 ||     1
Armor: Scale mail        |    64 |       ||    64
       Chain mail        |    22 |    28 ||    50
Dodge: Dodged            |    53 |    12 ||    65
Block: Buckler           |    28 |     8 ||    36

Table legend:
 A = Non-vault XP
 B = Vault XP
 C = Vault XP percentage of total XP
 D = Non-vault monster count
 E = Vault monster count
 F = Vault count percentage of total count
                 A         B        C        D         E       F
            +---------+---------+-------+---------+---------+-------
      Total |      95 |      35 |  26.9 |      51 |      12 |  19.0
            +---------+---------+-------+---------+---------+-------
        D:1 |      36 |       0 |   0.0 |      25 |       0 |   0.0
        D:2 |      47 |      35 |  42.7 |      18 |      12 |  40.0
        D:3 |      12 |       0 |   0.0 |       8 |       0 |   0.0
            +---------+---------+-------+---------+---------+-------
